 Dungeon Crawl Stone Soup version 0.21.1-1-g345015f (webtiles) character file.

60211 torrenera the Covert (level 14, 0/108 HPs)
             Began as a Gnoll Enchanter on Apr 19, 2018.
             Was an Elder of Sif Muna.
             Killed by divine providence
             ... invoked by an orc priest
              (12 damage)
             ... on level 1 of the Orcish Mines on Apr 24, 2018.
             The game lasted 02:03:57 (32283 turns).

torrenera the Covert (Gnoll Enchanter)             Turns: 32283, Time: 02:03:58

Health: 0/108      AC: 18    Str: 11    XL:     14   Next: 98%
Magic:  20/28      EV: 20    Int: 22    God:    Sif Muna [****..]
Gold:   1741       SH:  0    Dex: 16    Spells: 4/34 levels left

rFire    + . .     SeeInvis .   a - +2 dagger (venom)
rCold    . . .     Gourm    .   (no shield)
rNeg     . . .     Faith    .   e - +2 robe {MR+}
rPois    .         Spirit   .   s - +2 hat {MR+}
rElec    .         Reflect  .   Q - +2 cloak
rCorr    .         Harm     .   q - +0 pair of gloves
MR       +++..                  V - +2 pair of boots
Stlth    +++++.....             (no amulet)
HPRegen  0.28/turn              K - ring of protection from fire
MPRegen  0.21/turn              P - +3 ring of protection

@: no status effects
A: distributed training, fangs 1, strong nose
a: Divine Energy, Channel Magic, Forget Spell, Renounce Religion


You were on level 1 of the Orcish Mines.
You worshipped Sif Muna.
Sif Muna was greatly pleased with you.
You were not hungry.

You visited 5 branches of the dungeon, and saw 21 of its levels.
You also visited: Sewer.

You collected 1831 gold pieces.
You spent 90 gold pieces at shops.

Inventory:

Hand Weapons
 a - a +2 dagger of venom (weapon)
 b - a +0 longbow
 v - a +2 trident of freezing
 R - a +4 scimitar of flaming
 U - a +3 dagger of holy wrath
Missiles
 f - 46 stones (quivered)
 h - 39 poisoned needles
 m - 4 exploding tomahawks
 n - 5 needles of confusion
 y - 10 tomahawks
 E - 164 arrows
Armour
 e - a +2 robe of magic resistance (worn)
 q - a +0 pair of gloves (worn)
 s - a +2 hat of magic resistance (worn)
 Q - a +2 cloak (worn)
 V - a +2 pair of boots (worn)
Magical Staves
 o - an uncursed staff of fire
Jewellery
 c - an uncursed ring of flight
 w - an uncursed ring of poison resistance
 x - an uncursed ring of resist corrosion
 I - an uncursed ring of see invisible
 K - a ring of protection from fire (left hand)
 P - a +3 ring of protection (right hand)
Wands
 u - a wand of polymorph (18)
 A - a wand of digging (12)
 L - a wand of scattershot (11)
 O - a wand of acid (9)
 Y - a wand of flame (15)
Scrolls
 g - 2 scrolls of teleportation
 i - 3 scrolls of magic mapping
 p - 2 scrolls of immolation
 t - 2 scrolls of fear
 B - a scroll of remove curse
 C - 5 scrolls of fog
 H - a scroll of torment
 J - a scroll of summoning
 S - a scroll of vulnerability
 X - a scroll of holy word {unknown}
Potions
 j - 3 potions of agility
 k - 3 potions of curing
 z - 2 potions of flight
 D - 5 potions of haste
 F - 3 potions of lignification
 G - 3 potions of brilliance
 T - a potion of might
 Z - a potion of magic
Miscellaneous
 l - a lightning rod (3/4)
Comestibles
 d - 34 rations
 r - 7 chunks of flesh


   Skills:
 + Level 9.5 Fighting
 + Level 9.8 Short Blades
 + Level 9.5 Long Blades
 + Level 9.5 Axes
 + Level 9.5 Maces & Flails
 + Level 9.5 Polearms
 + Level 9.5 Staves
 + Level 9.5 Slings
 + Level 9.5 Bows
 + Level 9.5 Crossbows
 + Level 9.5 Throwing
 + Level 9.5 Armour
 + Level 10.5 Dodging
 + Level 11.1 Stealth
 + Level 9.5 Shields
 + Level 9.5 Unarmed Combat
 + Level 10.7 Spellcasting
 + Level 7.9 Conjurations
 + Level 9.7 Hexes
 + Level 7.9 Charms
 + Level 7.9 Summonings
 + Level 7.9 Necromancy
 + Level 7.9 Translocations
 + Level 7.9 Transmutations
 + Level 7.9 Fire Magic
 + Level 7.9 Ice Magic
 + Level 7.9 Air Magic
 + Level 7.9 Earth Magic
 + Level 7.9 Poison Magic
 + Level 10.3 Invocations
 + Level 9.5 Evocations


You had 4 spell levels left.
You knew the following spells:

 Your Spells              Type           Power        Failure   Level  Hunger
a - Corona                Hex            ######.      1%          1    None
b - Ensorcelled Hibernat  Hex/Ice        ######       1%          2    None
c - Confuse               Hex            ######..     1%          3    None
d - Tukima's Dance        Hex            ######..     1%          3    None
e - Dazzling Spray        Conj/Hex       ######       1%          3    None
f - Regeneration          Chrm/Necr      #####.....   1%          3    None
g - Vampiric Draining     Necr           #####.....   1%          3    None
h - Spider Form           Tmut/Pois      #####.....   1%          3    None
i - Teleport Other        Tloc           #####...     1%          3    None
j - Stone Arrow           Conj/Erth      #####.       1%          3    None
k - Spectral Weapon       Hex/Chrm       ######..     1%          3    None


Dungeon Overview and Level Annotations

Branches:
Dungeon (12/15)            Temple (1/1) D:6            Lair (6/6) D:9
 Shoals (0/4) Lair:3       Spider (1/4) Lair:4        Slime (0/5) Lair:5
    Orc (1/2) D:11

Altars:
Ashenzari
Cheibriados
Dithmenos
Elyvilon
Fedhas
Gozag
Hepliaklqana
Kikubaaqudgha
Makhleb
Nemelex Xobeh
Okawaru
Qazlal
Ru
Sif Muna
Trog
Uskayaw
Vehumet
Wu Jian
Xom
Yredelemnul
Zin
The Shining One
Beogh

Shops:
D:5 *

Annotations:
D:10 4 runed doors
Spider:1 Azrael


Innate Abilities, Weirdness & Mutations

Your experience applies equally to all skills.
You have very sharp teeth.
Your uncanny sense of smell can sniff out nearby items.


Message History

Beogh smites you!
The helpless orc priest fails to defend itself.
You perforate the orc priest like a sieve!!!!
You kill the orc priest!
Sif Muna accepts your kill. The orc warrior closely misses you.
An ogre comes into view. It is wielding a giant spiked club.
The orc warrior misses you.
The orc priest begins to cast a cantrip, but forgets the words!
You see here an arrow.
The orc warrior hits you from afar with a glaive!!
* * * LOW HITPOINT WARNING * * *
Found a stone staircase leading down.
The orc priest calls upon Beogh to heal the orc warrior.
The orc warrior is healed somewhat.
The orc warrior barely misses you.
The orc warrior looks more healthy.
The orc priest mumbles some strange prayers to Beogh against you.
Beogh smites you!
You die...

##....)..............#..o..#.##
####.).........##...#.o...###
#<)...)...###.#....T(..#
#)).)...#.# ###.....#.##
##..))..### #......###
###........# ####......#
#......)).## #..o.......#
##.........###....#.......
#....##.)..@.o...##.......
#....###..........#.......
.....## ##.......######....
...... #...........# ... ###...
#...........# >. #..
#.....###..... ......## ......
....#.## ##.... ##.#### ...


You could see an orc warrior and an orc priest.

Vanquished Creatures
  Gastronok (Lair:3)
  An entropy weaver (Spider:1)
  Josephine (D:10)
  6 hydras
  4 two-headed ogres
  Erica (Lair:1)
  3 skeletal warriors
  2 unseen horrors (D:11)
  An ugly thing (D:11)
  An orc sorcerer (Orc:1)
  3 wolf spiders
  Maurice (D:8)
  A merfolk siren (Lair:3)
  4 black mambas
  6 elephants
  Joseph (D:8)
  25 spiny frogs
  A rime drake (Lair:5)
  5 komodo dragons
  2 polar bears
  2 trolls
  4 tyrant leeches (Lair:6)
  6 hornets
  2 jumping spiders
  29 blink frogs
  7 dream sheep
  A slime creature (Lair:5)
  10 hippogriffs
  2 tarantellas (Spider:1)
  5 wraiths
  10 redbacks
  24 yaks
  2 wyverns
  Eustachio (D:5)
  6 vampire mosquitoes
  2 steam dragons
  A fire elemental (Spider:1)
  2 basilisks
  A soldier ant (D:9)
  Edmund (D:5)
  2 wargs (D:11)
  An acid dragon (D:12)
  6 porcupines
  Duvessa (D:4)
  12 water moccasins
  12 orc warriors
  2 phantoms
  An ice beast (D:10)
  4 sky beasts
  2 necrophages
  5 ogres
  A black bear (D:9)
  3 wolves (Lair:2)
  4 centaurs
  6 crocodiles
  31 bullfrogs
  Blork the orc (D:5)
  A wyvern zombie (D:10)
  Dowan (D:4)
  A scorpion (D:4)
  2 electric eels (Lair:6)
  3 crimson imps
  3 bullfrog zombies
  3 quasits
  4 centaur zombies
  5 hounds
  17 orc wizards
  19 orc priests
  6 jellies
  2 bullfrog skeletons (D:6)
  2 iguanas
  6 centaur skeletons
  5 hell rats (Lair:5)
  10 worker ants
  A worker ant zombie (D:11)
  14 adders
  10 gnolls
  2 howler monkey skeletons
  A river rat (D:6)
  4 shadow imps
  29 oozes
  2 adder skeletons (D:4)
  A worm (D:4)
  2 dart slugs
  18 leopard geckos
  80 orcs
  8 giant cockroaches
  7 goblins
  5 hobgoblins
  8 jackals
  11 kobolds
  4 quokkas
  12 ball pythons
  4 bats
  9 frilled lizards
  A quokka skeleton (D:6)
  7 rats
  A spectral orc (D:6)
613 creatures vanquished.

Vanquished Creatures (collateral kills)
  An ogre (D:9)
  3 orcs
  A kobold (D:3)
5 creatures vanquished.

Vanquished Creatures (others)
  9 fungi
  53 plants
  9 toadstools (D:3)
71 creatures vanquished.

Grand Total: 689 creatures vanquished

Notes
Turn   | Place    | Note
-------+----------+-------------------------------------------
     0 | D:1      | torrenera the Gnoll Enchanter began the quest for the Orb.
     0 | D:1      | Reached XP level 1. HP: 13/13 MP: 6/6
   558 | D:1      | Reached XP level 2. HP: 19/19 MP: 7/7
   562 | D:1      | Learned a level 2 spell: Ensorcelled Hibernation
   983 | D:2      | Found a blossoming altar of Fedhas.
  1238 | D:2      | Reached XP level 3. HP: 25/25 MP: 9/9
  1243 | D:2      | Learned a level 3 spell: Confuse
  1247 | D:2      | Learned a level 3 spell: Tukima's Dance
  1570 | D:2      | Reached skill level 5 in Spellcasting
  1747 | D:3      | Reached skill level 6 in Stealth
  1802 | D:3      | Reached skill level 1 in Invocations
  1871 | D:3      | Reached skill level 1 in Fighting
  1871 | D:3      | Reached skill level 1 in Long Blades
  1871 | D:3      | Reached skill level 1 in Axes
  1871 | D:3      | Reached skill level 1 in Maces & Flails
  1871 | D:3      | Reached skill level 1 in Polearms
  1871 | D:3      | Reached skill level 1 in Staves
  1871 | D:3      | Reached skill level 1 in Slings
  1871 | D:3      | Reached skill level 1 in Bows
  1871 | D:3      | Reached skill level 1 in Crossbows
  1871 | D:3      | Reached skill level 1 in Throwing
  1871 | D:3      | Reached skill level 1 in Armour
  1871 | D:3      | Reached skill level 1 in Shields
  1871 | D:3      | Reached skill level 1 in Unarmed Combat
  1871 | D:3      | Reached skill level 1 in Evocations
  1871 | D:3      | Reached XP level 4. HP: 32/32 MP: 4/11
  2394 | D:3      | Reached skill level 1 in Conjurations
  2394 | D:3      | Reached skill level 1 in Charms
  2394 | D:3      | Reached skill level 1 in Summonings
  2394 | D:3      | Reached skill level 1 in Necromancy
  2394 | D:3      | Reached skill level 1 in Translocations
  2394 | D:3      | Reached skill level 1 in Transmutations
  2394 | D:3      | Reached skill level 1 in Fire Magic
  2394 | D:3      | Reached skill level 1 in Ice Magic
  2394 | D:3      | Reached skill level 1 in Air Magic
  2394 | D:3      | Reached skill level 1 in Earth Magic
  2394 | D:3      | Reached skill level 1 in Poison Magic
  2914 | D:3      | Learned a level 3 spell: Dazzling Spray
  2995 | D:3      | Reached XP level 5. HP: 29/37 MP: 9/12
  3910 | D:4      | Reached XP level 6. HP: 37/44 MP: 4/13
  4211 | D:4      | Noticed Duvessa
  4211 | D:4      | Noticed Dowan
  4293 | D:4      | Reached skill level 5 in Dodging
  4497 | D:4      | HP: 1/44 [Dowan/puff of frost (9)]
  4501 | D:5      | Entered Level 5 of the Dungeon
  4816 | D:5      | Reached XP level 7. HP: 50/50 MP: 12/15
  4836 | D:5      | Found Oczokk's General Store.
  4926 | D:5      | Bought a scroll of teleportation for 45 gold pieces
  4926 | D:5      | Bought a potion of curing for 45 gold pieces
  5258 | D:5      | Noticed Blork the orc
  5295 | D:5      | Noticed Eustachio
  5306 | D:5      | Killed Eustachio
  5436 | D:5      | Noticed Edmund
  5448 | D:5      | Killed Edmund
  5514 | D:5      | Found a blossoming altar of Fedhas.
  5619 | D:5      | Found a bloodstained altar of Trog.
  5630 | D:5      | Killed Blork the orc
  5916 | D:4      | Killed Duvessa
  5916 | D:4      | Reached XP level 8. HP: 56/57 MP: 3/16
  5929 | D:4      | Killed Dowan
  6143 | D:6      | Found a stormy altar of Qazlal.
  6155 | D:6      | Found a hide-covered altar of Uskayaw.
  6294 | D:6      | Found a blossoming altar of Fedhas.
  6534 | D:6      | Reached skill level 7 in Stealth
  6833 | D:6      | Found a glowing drain.
  6861 | Sewer    | Entered a sewer
  7176 | Sewer    | Reached XP level 9. HP: 65/65 MP: 18/18
  7781 | D:6      | Found a staircase to the Ecumenical Temple.
  7900 | Temple   | Entered the Ecumenical Temple
  8310 | Temple   | Became a worshipper of Sif Muna the Loreminder
  8451 | D:6      | Found a basalt altar of Yredelemnul.
  9505 | D:7      | Reached skill level 5 in Short Blades
  9548 | D:7      | Found a sparkling altar of Nemelex Xobeh.
 10027 | D:7      | Reached skill level 5 in Invocations
 10560 | D:7      | Reached * piety under Sif Muna
 10863 | D:7      | Found a shadowy altar of Dithmenos.
 10967 | D:7      | Reached XP level 10. HP: 73/73 MP: 15/20
 11030 | D:7      | Found an ancient bone altar of Kikubaaqudgha.
 11030 | D:7      | Found a glowing silver altar of Zin.
 11111 | D:8      | Noticed a two-headed ogre
 11121 | D:8      | Killed a two-headed ogre
 11121 | D:8      | Reached skill level 5 in Fighting
 11121 | D:8      | Reached skill level 5 in Long Blades
 11121 | D:8      | Reached skill level 5 in Axes
 11121 | D:8      | Reached skill level 5 in Maces & Flails
 11121 | D:8      | Reached skill level 5 in Polearms
 11121 | D:8      | Reached skill level 5 in Staves
 11121 | D:8      | Reached skill level 5 in Slings
 11121 | D:8      | Reached skill level 5 in Bows
 11121 | D:8      | Reached skill level 5 in Crossbows
 11121 | D:8      | Reached skill level 5 in Throwing
 11121 | D:8      | Reached skill level 5 in Armour
 11121 | D:8      | Reached skill level 5 in Shields
 11121 | D:8      | Reached skill level 5 in Unarmed Combat
 11121 | D:8      | Reached skill level 5 in Evocations
 11246 | D:8      | Noticed Joseph
 11261 | D:8      | Killed Joseph
 11261 | D:8      | Reached skill level 8 in Stealth
 11544 | D:8      | Paralysed by a hornet for 2 turns
 11948 | D:8      | Noticed Maurice
 12073 | D:8      | Killed Maurice
 12375 | D:9      | Reached ** piety under Sif Muna
 12422 | D:9      | Found a staircase to the Lair.
 12892 | D:9      | Found a shattered altar of Ashenzari.
 12969 | D:9      | Reached XP level 11. HP: 81/81 MP: 22/22
 13026 | D:10     | Entered Level 10 of the Dungeon
 13026 | D:10     | Noticed a skeletal warrior
 13026 | D:10     | Noticed a skeletal warrior
 13026 | D:10     | Noticed a skeletal warrior
 13026 | D:10     | Noticed a skeletal warrior
 13034 | D:9      | Killed a skeletal warrior
 13163 | D:10     | Noticed Josephine
 13163 | D:10     | Noticed a two-headed ogre
 13225 | Lair:1   | Entered Level 1 of the Lair of Beasts
 13424 | Lair:1   | Noticed Erica
 13439 | Lair:1   | Killed Erica
 13439 | Lair:1   | Reached skill level 5 in Conjurations
 13439 | Lair:1   | Reached skill level 5 in Charms
 13439 | Lair:1   | Reached skill level 5 in Summonings
 13439 | Lair:1   | Reached skill level 5 in Necromancy
 13439 | Lair:1   | Reached skill level 5 in Translocations
 13439 | Lair:1   | Reached skill level 5 in Transmutations
 13439 | Lair:1   | Reached skill level 5 in Fire Magic
 13439 | Lair:1   | Reached skill level 5 in Ice Magic
 13439 | Lair:1   | Reached skill level 5 in Air Magic
 13439 | Lair:1   | Reached skill level 5 in Earth Magic
 13439 | Lair:1   | Reached skill level 5 in Poison Magic
 14434 | Lair:2   | Noticed a five-headed hydra
 14444 | Lair:2   | Killed a five-headed hydra
 14755 | Lair:2   | Reached skill level 9 in Stealth
 14853 | Lair:2   | Noticed a four-headed hydra
 14865 | Lair:2   | Killed a one-headed hydra
 14865 | Lair:2   | Reached *** piety under Sif Muna
 14925 | Lair:2   | Noticed a four-headed hydra
 14937 | Lair:2   | Killed a one-headed hydra
 14937 | Lair:2   | Reached XP level 12. HP: 89/89 MP: 20/24
 15729 | Lair:3   | Found a staircase to the Shoals.
 15904 | Lair:3   | Noticed Gastronok
 15939 | Lair:3   | Killed Gastronok
 16163 | Lair:3   | Found an ornate altar of the Wu Jian Council.
 17851 | Lair:4   | Noticed a seven-headed hydra
 17955 | Lair:4   | Reached **** piety under Sif Muna
 18459 | Lair:4   | Reached XP level 13. HP: 98/98 MP: 16/26
 18489 | Lair:4   | Got a brightly glowing broad axe
 18490 | Lair:4   | Identified the +8 broad axe "Enleo" {protect, rN+} (You found it on level 4 of the Lair of Beasts)
 19483 | Lair:5   | Reached skill level 10 in Stealth
 19839 | Lair:5   | Found a staircase to the Slime Pits.
 20389 | Lair:6   | Entered Level 6 of the Lair of Beasts
 21360 | Lair:5   | Reached ***** piety under Sif Muna
 22766 | Lair:6   | Identified Sif Muna's Thaumaturgy, Part Three (Sif Muna gifted it to you on level 6 of the Lair of Beasts)
 22766 | Lair:6   | Received a gift from Sif Muna
 22772 | Lair:6   | Learned a level 3 spell: Regeneration
 22776 | Lair:6   | Learned a level 3 spell: Vampiric Draining
 22780 | Lair:6   | Learned a level 3 spell: Spider Form
 22784 | Lair:6   | Learned a level 3 spell: Teleport Other
 22788 | Lair:6   | Learned a level 3 spell: Stone Arrow
 23036 | Lair:6   | Reached skill level 10 in Spellcasting
 23176 | Lair:6   | Reached XP level 14. HP: 92/106 MP: 22/28
 23990 | Lair:4   | Reached skill level 10 in Dodging
 24084 | Lair:4   | Found a hole to the Spider Nest.
 26799 | D:10     | Found a runed door.
 26811 | D:10     | Found a runed door.
 27654 | D:10     | Killed Josephine
 28030 | D:10     | Found a runed door.
 28030 | D:10     | Found a runed door.
 28331 | D:11     | Reached skill level 10 in Invocations
 28592 | D:11     | Found a staircase to the Orcish Mines.
 30136 | D:12     | Found a sacrificial altar of Ru.
 30328 | D:12     | Reached skill level 11 in Stealth
 30351 | D:12     | Learned a level 3 spell: Spectral Weapon
 30354 | D:12     | Got a brightly glowing flail
 30355 | D:12     | Identified the +8 flail of Chaos {crush, Dex+4} (You found it on level 12 of the Dungeon)
 30986 | Spider:1 | Entered Level 1 of the Spider Nest
 30987 | Spider:1 | Noticed an entropy weaver
 31016 | Spider:1 | Killed an entropy weaver
 31495 | Spider:1 | Noticed Azrael
 31674 | Orc:1    | Entered Level 1 of the Orcish Mines
 32204 | Orc:1    | Found a roughly hewn altar of Beogh.
 32283 | Orc:1    | Killed from afar by an orc priest

Skill      XL: |  1  2  3  4  5  6  7  8  9 10 11 12 13 14 |
---------------+-------------------------------------------+-----
Spellcasting   | 5 6 7 8 9 10 | 10.7
Stealth        | 6 7 8 9 10 11 | 11.1
Invocations    | 1 2 3 4 5 6 7 8 9 10 | 10.3
Fighting       | 1 2 3 4 5 6 7 8 9 |  9.5
Long Blades    | 1 2 3 4 5 6 7 8 9 |  9.5
Axes           | 1 2 3 4 5 6 7 8 9 |  9.5
Maces & Flails | 1 2 3 4 5 6 7 8 9 |  9.5
Polearms       | 1 2 3 4 5 6 7 8 9 |  9.5
Staves         | 1 2 3 4 5 6 7 8 9 |  9.5
Slings         | 1 2 3 4 5 6 7 8 9 |  9.5
Bows           | 1 2 3 4 5 6 7 8 9 |  9.5
Crossbows      | 1 2 3 4 5 6 7 8 9 |  9.5
Throwing       | 1 2 3 4 5 6 7 8 9 |  9.5
Armour         | 1 2 3 4 5 6 7 8 9 |  9.5
Shields        | 1 2 3 4 5 6 7 8 9 |  9.5
Unarmed Combat | 1 2 3 4 5 6 7 8 9 |  9.5
Evocations     | 1 2 3 4 5 6 7 8 9 |  9.5
Conjurations   | 1 2 3 4 5 6 7 |  7.9
Charms         | 1 2 3 4 5 6 7 |  7.9
Summonings     | 1 2 3 4 5 6 7 |  7.9
Necromancy     | 1 2 3 4 5 6 7 |  7.9
Translocations | 1 2 3 4 5 6 7 |  7.9
Transmutations | 1 2 3 4 5 6 7 |  7.9
Fire Magic     | 1 2 3 4 5 6 7 |  7.9
Ice Magic      | 1 2 3 4 5 6 7 |  7.9
Air Magic      | 1 2 3 4 5 6 7 |  7.9
Earth Magic    | 1 2 3 4 5 6 7 |  7.9
Poison Magic   | 1 2 3 4 5 6 7 |  7.9
Short Blades   | 3 4 5 6 7 8 9 |  9.8
Dodging        | 5 6 7 8 9 10 | 10.5
Hexes          | 6 7 8 9 |  9.7

Action                   |  1- 3 |  4- 6 |  7- 9 | 10-12 | 13-15 || total
-------------------------+-------+-------+-------+-------+-------++-------
Melee: Dagger            |    42 |   156 |   401 |   222 |   454 ||  1275
       Bite              |     2 |    18 |    47 |    19 |    37 ||   123
       Punch             |       |     1 |     5 |     3 |    17 ||    26
       Flail             |       |       |    41 |       |       ||    41
       Scimitar          |       |       |       |     8 |    30 ||    38
 Fire: Hunting sling     |       |    55 |   258 |    89 |       ||   402
       Longbow           |       |       |       |   112 |   384 ||   496
Throw: Stone             |     1 |       |     3 |       |     2 ||     6
       Tomahawk          |       |       |       |       |     1 ||     1
 Cast: Corona            |     6 |     5 |    26 |     2 |    17 ||    56
       Ensorcelled Hiber |    10 |    50 |   102 |   138 |   277 ||   577
       Tukima's Dance    |       |     4 |     2 |     1 |       ||     7
       Dazzling Spray    |       |       |    24 |    46 |    33 ||   103
       Confuse           |       |       |       |    10 |    15 ||    25
       Stone Arrow       |       |       |       |       |    14 ||    14
       Regeneration      |       |       |       |       |     1 ||     1
Evoke: Wand              |       |       |     2 |    16 |    22 ||    40
       Lightning rod     |       |       |       |       |    11 ||    11
  Use: Scroll            |       |     5 |     6 |    13 |    16 ||    40
       Potion            |       |     1 |     2 |       |     5 ||     8
 Stab: Sleeping          |    18 |    25 |    50 |    74 |   158 ||   325
       Invisible         |       |       |     5 |     6 |     4 ||    15
       Distracted        |       |       |       |     1 |     1 ||     2
       Paralysed         |       |       |       |    10 |       ||    10
       Confused          |       |       |       |     2 |     8 ||    10
  Eat: Chunk             |     3 |     9 |    17 |    23 |    29 ||    81
       Ration            |       |       |     1 |       |     4 ||     5
Armor: Robe              |     6 |    19 |   104 |    67 |   175 ||   371
       Leather armour    |       |       |     7 |       |       ||     7
Dodge: Dodged            |    13 |   108 |   375 |   220 |   599 ||  1315
Block: Buckler           |       |       |    40 |    37 |       ||    77
       Rpst.: Scimitar   |       |       |       |       |     4 ||     4
